 Dungeon Sprint DCSS version 0.26-a0-660-gc07710193c (webtiles) character file.

Game seed: 16981217120091433498

54621 sahdkjhfkaj the Spry (level 12, -1/83 HPs)
             Began as a Felid Venom Mage on Oct 8, 2020.
             Was the Champion of Sif Muna.
             Slain by a slime creature (11 damage)
             ... in the Dungeon (Sprint III: "The Ten Rune Challenge").
             The game lasted 00:31:32 (10808 turns).

sahdkjhfkaj the Spry (Felid Venom Mage)            Turns: 10808, Time: 00:31:32

Health: -1/83      AC: 28    Str:  8    XL:     12   Next: 99%
Magic:  25/34      EV: 33    Int: 21    God:    Sif Muna [******]
Gold:   1651       SH:  0    Dex: 17    Spells: 5/46 levels left
                                        Lives:  0   Deaths: 3

rFire    . . .     SeeInvis +     - Unarmed
rCold    . . .     Faith    .   (shield unavailable)
rNeg     + . .     Spirit   .   (armour unavailable)
rPois    ∞         Reflect  .   (helmet unavailable)
rElec    +         Harm     .   (cloak unavailable)
rCorr    .         Rampage  .   (gloves unavailable)
MR       ++...     NoTele   +   (boots unavailable)
Stlth    ++........             (no amulet)
HPRegen  0.23/turn              l - ring of Arphaica {MR+ Str+4}
MPRegen  0.24/turn              (no ring)

@: statue-form, tornado, flying (expiring), very slow
A: very small, no armour, no weapons or thrown items, stealth, claws 1, fangs 3,
see invisible, sharp paws
}: 2/10 runes: decaying, barnacled
a: End Transformation, Channel Magic, Forget Spell, Divine Exegesis, Renounce
Religion


You were in the Dungeon.
You worshipped Sif Muna.
Sif Muna was exalted by your worship.
You were a stone statue.
You visited 1 branch You collected 2071 gold pieces.
You spent 420 gold pieces at shops.

Inventory:

Jewellery
 l - the ring of Arphaica (left paw) {MR+ Str+4}
   (You found it in the Dungeon)

   [ring of protection from magic]

   It affects your strength (+4).
   It affects your resistance to hostile enchantments.
Wands
 a - a wand of paralysis (6)
 c - a wand of acid (4)
 q - a wand of enslavement (11)
Scrolls
 j - 2 scrolls of remove curse
Potions
 b - 3 potions of curing
 d - a potion of haste
 e - 2 potions of magic
 h - a potion of brilliance {unknown}
 k - 6 potions of mutation
 m - a potion of flight {unknown}
 n - a potion of degeneration {unknown}
 o - a potion of invisibility {unknown}
 p - a potion of might
Miscellaneous
 f - a lightning rod (4/4)
 i - a phantom mirror


   Skills:
 + Level 14.7 Fighting
 + Level 18.4 Dodging
 - Level 2.6 Stealth
 + Level 15.3 Unarmed Combat
 + Level 17.5 Spellcasting
 - Level 15.7 Transmutations
 + Level 16.4 Earth Magic
 - Level 11.9 Poison Magic
 + Level 5.8 Invocations


You had 5 spell levels left.
You knew the following spells:

 Your Spells              Type           Power        Failure   Level
a - Sting                 Tmut/Pois      ####         0%          1
b - Ignite Poison         Fire/Tmut/Pois ######..     1%          3
c - Olgreb's Toxic Radia  Pois           ######..     1%          4
d - Lee's Rapid Deconstr  Erth           ######....   1%          5
e - Frozen Ramparts       Ice            ###...       9%          3
f - Poisonous Vapours     Pois/Air       #####.       1%          2
B - Blink                 Tloc           N/A          4%          2
D - Dragon Form           Tmut           ######....   3%          7
O - Ozocubu's Armour      Ice            ###.....     9%          3
R - Irradiate             Conj/Tmut      ######....   3%          5
S - Statue Form           Tmut/Erth      ######...    1%          6

Your spell library contained the following spells:

 Spells                   Type           Power        Failure   Level
 Beastly Appendage        Tmut           ######       0%          1
 Sandblast                Erth           ######       0%          1
 Passwall                 Tmut/Erth      ######..     0%          2
 Wereblood                Tmut           ######..     0%          2
 Mephitic Cloud           Conj/Pois/Air  #####...     1%          3
 Spider Form              Tmut/Pois      ######....   1%          3
 Stone Arrow              Conj/Erth      ######       1%          3
 Ice Form                 Ice/Tmut       ######..     1%          4
 Leda's Liquefaction      Hex/Erth       ######....   1%          4
 Petrify                  Tmut/Erth      ######..     1%          4
 Alistair's Intoxication  Tmut/Pois      ######...    1%          5
 Blade Hands              Tmut           ######....   1%          5
 Borgnjor's Vile Clutch   Necr/Erth      ######....   2%          5
 Animate Skeleton         Necr           ###...       3%          1
 Corona                   Hex            ###....      3%          1
 Foxfire                  Conj/Fire      ###.         3%          1
 Magic Dart               Conj           ###.         3%          1
 Pain                     Necr           ###.         3%          1
 Yara's Violent Unravell  Hex/Tmut       ######....   3%          5
 Call Imp                 Summ           ###.....     4%          2
 Ensorcelled Hibernation  Hex/Ice        ###...       4%          2
 Slow                     Hex            ###.....     4%          2
 Sublimation of Blood     Necr           ###.......   4%          2
 Call Canine Familiar     Summ           ###.....     9%          3
 Confusing Touch          Hex            ###.....     9%          3
 Conjure Flame            Conj/Fire      ###.....     9%          3
 Dazzling Flash           Conj/Hex       ###...       9%          3
 Gell's Gravitas          Tloc           ###.......   9%          3
 Static Discharge         Conj/Air       ###.....     9%          3
 Summon Guardian Golem    Hex/Summ       ###.....     9%          3
 Tukima's Dance           Hex            ###.....     9%          3
 Vampiric Draining        Necr           ###.......   9%          3
 Bolt of Magma            Conj/Fire/Erth #####.....   9%          5
 Animate Dead             Necr           ###.......   30%         4
 Fulminant Prism          Conj/Hex       ###.......   30%         4
 Hailstorm                Conj/Ice       ###.....     30%         4
 Passage of Golubria      Tloc           N/A          30%         4
 Sticky Flame             Conj/Fire      ###.....     30%         4
 Summon Ice Beast         Ice/Summ       ###.....     30%         4
 Agony                    Necr           ###.....     63%         5
 Fireball                 Conj/Fire      ###.......   63%         5
 Iskenderun's Battlesphe  Conj           ###.....     63%         5
 Lightning Bolt           Conj/Air       ###.......   63%         5
 Metabolic Englaciation   Hex/Ice        ###.......   63%         5
 Silence                  Hex/Air        ###.......   63%         5
 Summon Demon             Summ           ###.......   63%         5
 Summon Mana Viper        Hex/Summ       ###.....     63%         5
 Eringya's Noxious Bog    Tmut/Pois      ######....   1%          6
 Hydra Form               Tmut           ######....   1%          6
 Iron Shot                Conj/Erth      ######....   16%         6
 Shatter                  Erth           ######....   98%         9
 Conjure Ball Lightning   Conj/Air       ###.......   99%         6
 Freezing Cloud           Conj/Ice/Air   ###.......   99%         6
 Starburst                Conj/Fire      ###.......   99%         6
 Haunt                    Necr/Summ      ###.......   100%        7
 Malign Gateway           Summ/Tloc      ###.......   100%        7
 Orb of Destruction       Conj           ###.......   100%        7
 Spellforged Servitor     Conj/Summ      ###.......   100%        7
 Discord                  Hex            ###.......   100%        8
 Disjunction              Tloc           ###.......   100%        8
 Lehudib's Crystal Spear  Conj/Erth      ######....   100%        8
 Necromutation            Tmut/Necr      ######....   100%        8
 Tornado                  Air            ###.......   100%        9


Dungeon Overview and Level Annotations

Branches:
Dungeon (1/1)

Altars:
Cheibriados
Dithmenos
Elyvilon
Fedhas
Gozag
Hepliaklqana
Kikubaaqudgha
Makhleb
Nemelex Xobeh
Okawaru
Qazlal
Ru
Sif Muna
Trog
Uskayaw
Vehumet
Wu Jian
Xom
Yredelemnul
Zin
The Shining One
Beogh
Jiyva
Lugonu

Shops:
D }(?![!=:[=}*?(*[!!

Annotations:
D exclusion: 3 doors, Frederick, Mara, Nikola


Innate Abilities, Weirdness & Mutations

You cannot wear armour.
You are incapable of wielding weapons or throwing items.
Your paws allow you to move quietly. (Stealth)
You have sharp claws.
You have razor-sharp teeth.
You have supernaturally acute eyesight. (SInv)
((You cover ground quickly.))
((Your thick and shaggy fur keeps you warm. (AC +3, rC+)))
Your sharp claws are effective at attacking unaware monsters.


Message History

The spectral iron dragon is moderately damaged.
The spectral iron dragon completely misses you.
The spectral iron dragon claws you but does no damage.
The spectral iron dragon tramples you!
* * * LOW HITPOINT WARNING * * *
Unknown command.
Okay, then.
Unknown command.
A great vortex of raging winds appears and lifts you up.
The slime creature closely misses you.
The spectral iron dragon bites you but does no damage.
The spectral iron dragon barely misses you.
The spectral iron dragon completely misses you.
Unknown command.
Unknown command.
Unknown command.
Unknown command.
Unknown command.
The slime creature hits you!
You die...

▓▓▓▓▓#...V)...........#
###R##############
##R@.## #≈≈§≈≈≈###
##R....## #.§≈.≈#.#
#....@..###....≈#.▓
...'.......V...V.....▓
'###.......#####..≈#.▓
##.....##^^§##.≈#.▓
##...## #§8##'##▓ ##'##
##J##...▓ #.≈≈ #Z####§▓
#.≈ #.[....▓ #.
###'###▓ ⌠...; #≈≈D;.;D
#.≈L≈.;.▓ #...≈ ..▓


You could see a slime creature and a spectral iron dragon.

Vanquished Creatures
  Boris (D)
  Sigmund (D)
  Rupert (D)
  A deep elf blademaster (D)
  Chuck (D)
  Polyphemus (D)
  An Executioner (D)
  Gastronok (D)
  Ilsuiw (D)
  A vampire knight (D)
  2 dire elephants (D)
  A merfolk javelineer (D)
  A fire dragon (D)
  2 yaktaur captains (D)
  2 hydras (D)
  Erica (D)
  2 centaur warriors (D)
  4 dancing weapons (D)
  4 death yaks (D)
  Urug (D)
  A deep elf knight (D)
  A death drake (D)
  A shadow wraith (D)
  2 golden dragon zombies (D)
  2 skeletal warriors (D)
  A spriggan druid (D)
  A sea snake (shapeshifter) (D)
  An unseen horror (D)
  A sea snake (D)
  An obsidian statue (D)
  2 swamp dragons (D)
  A lindwurm (D)
  5 deep elf magi (D)
  A manticore (shapeshifter) (D)
  3 crystal guardians (D)
  3 ugly things (D)
  2 elephants (D)
  2 black mambas (D)
  4 statues (D)
  An eye of devastation (shapeshifter) (D)
  Edmund (D)
  2 yaktaurs (D)
  2 cane toads (D)
  A rime drake (D)
  A komodo dragon (D)
  An anaconda simulacrum (D)
  3 wandering mushrooms (D)
  A queen bee (D)
  A spriggan defender (D)
  2 tyrant leeches (D)
  5 orc high priests (D)
  3 dream sheep (D)
  8 blink frogs (D)
  5 slime creatures (D)
  3 redbacks (D)
  A shadow (D)
  2 spriggans (D)
  An iron troll simulacrum (D)
  A spatial vortex (D)
  A floating eye (D)
  An orc warrior (D)
  3 swamp drakes (D)
  A necrophage (D)
  2 centaurs (D)
  An earth elemental (D)
  A water elemental (D)
  A scorpion (D)
  32 killer bees (D)
  An electric eel (D)
  A jelly (D)
  2 orc priests (D)
  A wizard (D)
  An orc wizard (D)
  A necromancer (D)
  3 humans (D)
  A kobold demonologist (D)
  An ooze (D)
  13 orcs (D)
  3 rats (D)
181 creatures vanquished.

Vanquished Creatures (collateral kills)
  the Lernaean hydra (D)
  A hydra (D)
  An electric eel (D)
3 creatures vanquished.

Vanquished Creatures (others)
  Nessos (D)
  A mummy priest (D)
  A titan zombie (D)
  A skeletal warrior (D)
  A molten gargoyle (D)
  3 yaktaurs (D)
  3 spriggan defenders (D)
  3 hornets (D)
  2 ball lightnings (D)
  4 ballistomycete spores (D)
  A bush (D)
  48 plants (D)
69 creatures vanquished.

Grand Total: 253 creatures vanquished

Notes
Turn   | Place    | Note
-------+----------+-------------------------------------------
     0 | D        | sahdkjhfkaj the Felid Venom Mage began the quest for the
                  | Orb.
     0 | D        | Reached XP level 1. HP: 7/7 MP: 4/4
    22 | D        | Reached skill level 1 in Fighting
    22 | D        | Reached skill level 3 in Dodging
   188 | D        | Reached skill level 4 in Dodging
   188 | D        | Reached XP level 2. HP: 3/13 MP: 0/7
   432 | D        | Noticed a scorpion
   438 | D        | Killed a scorpion
   438 | D        | Reached skill level 5 in Dodging
   438 | D        | Reached skill level 5 in Poison Magic
   438 | D        | Reached XP level 3. HP: 17/17 MP: 5/9
   438 | D        | Reached XP level 4. HP: 21/21 MP: 5/10
   502 | D        | Learned a level 3 spell: Ignite Poison
   507 | D        | Learned a level 4 spell: Olgreb's Toxic Radiance
   510 | D        | Learned a level 2 spell: Poisonous Vapours
   511 | D        | Noticed a water elemental
   667 | D        | Found a radiant altar of Vehumet.
   668 | D        | Found a shimmering blue altar of Sif Muna.
   668 | D        | Found an ancient bone altar of Kikubaaqudgha.
   668 | D        | Noticed a wizard
   670 | D        | Killed a wizard
   670 | D        | Reached skill level 6 in Dodging
   676 | D        | Became a worshipper of Sif Muna the Loreminder
   744 | D        | Found a glowing silver altar of Zin.
   744 | D        | Found a glowing golden altar of the Shining One.
   744 | D        | Found a white marble altar of Elyvilon.
   744 | D        | Noticed a deep elf mage
   757 | D        | Killed from afar by a deep elf mage
   758 | D        | Reached XP level 3. HP: -10/18 MP: 0/9
   761 | D        | Killed a deep elf mage
   761 | D        | Reached skill level 9 in Dodging
   761 | D        | Reached XP level 4. HP: 24/24 MP: 6/15
   761 | D        | Reached XP level 5. HP: 28/28 MP: 6/16
   761 | D        | Gained mutation: You are covered in thick fur. (AC +2)
                  | [Felid growth]
   761 | D        | Reached XP level 6. HP: 31/31 MP: 6/18
   841 | D        | Found a hide-covered altar of Uskayaw.
   841 | D        | Found a roughly hewn altar of Beogh.
   841 | D        | Found an iron altar of Okawaru.
   841 | D        | Found a bloodstained altar of Trog.
   841 | D        | Found an ornate altar of the Wu Jian Council.
   841 | D        | Noticed a human
   842 | D        | Noticed a human
   845 | D        | Killed a human
   845 | D        | Reached XP level 7. HP: 25/36 MP: 8/20
   845 | D        | Killed a human
   845 | D        | Reached * piety under Sif Muna
   845 | D        | Reached skill level 10 in Dodging
   936 | D        | Noticed a shadow
   987 | D        | Killed a shadow
  1188 | D        | Noticed Erica
  1293 | D        | Killed Erica
  1293 | D        | Reached ** piety under Sif Muna
  1293 | D        | Reached skill level 11 in Dodging
  1293 | D        | Reached skill level 10 in Spellcasting
  1293 | D        | Reached XP level 8. HP: 41/41 MP: 4/23
  1689 | D        | Noticed a centaur warrior
  1692 | D        | Killed a centaur warrior
  1692 | D        | Reached skill level 12 in Dodging
  1692 | D        | Reached XP level 9. HP: 40/46 MP: 13/25
  1692 | D        | Reached skill level 10 in Poison Magic
  1762 | D        | Noticed an unseen horror
  1767 | D        | Killed an unseen horror
  1767 | D        | Reached *** piety under Sif Muna
  1767 | D        | Reached skill level 10 in Fighting
  1833 | D        | Noticed Sigmund
  1833 | D        | Noticed Edmund
  2711 | D        | Killed Sigmund
  2711 | D        | Reached skill level 14 in Dodging
  2711 | D        | Reached XP level 10. HP: 32/52 MP: 7/29
  2735 | D        | Killed Edmund
  2899 | D        | Reached **** piety under Sif Muna
  2899 | D        | Reached ***** piety under Sif Muna
  2899 | D        | Received a gift from Sif Muna
  2933 | D        | Reached skill level 15 in Dodging
  2933 | D        | Reached skill level 1 in Invocations
  2933 | D        | Identified Kuijuph's Compendium of Glacial Moulding (Sif
                  | Muna gifted it to you in the Dungeon)
  2933 | D        | Received a gift from Sif Muna
  2934 | D        | Identified Sif Muna's Disquisition on the Dusty Blaze (Sif
                  | Muna gifted it to you in the Dungeon)
  2934 | D        | Received a gift from Sif Muna
  2934 | D        | Reached XP level 11. HP: 57/57 MP: 19/30
  3021 | D        | Learned a level 6 spell: Statue Form
  3076 | D        | Reached skill level 1 in Earth Magic
  3404 | D        | Learned a level 2 spell: Blink
  3408 | D        | Learned a level 3 spell: Ozocubu's Armour
  3412 | D        | Learned a level 3 spell: Frozen Ramparts
  3577 | D        | Noticed a sixfirhy
  3581 | D        | Received a gift from Sif Muna
  3582 | D        | Reached ****** piety under Sif Muna
  3582 | D        | Reached skill level 5 in Transmutations
  3703 | D        | Noticed an obsidian statue
  3731 | D        | Noticed a yaktaur captain
  3842 | D        | Reached skill level 5 in Earth Magic
  3847 | D        | Killed a yaktaur captain
  4241 | D        | Found Qaxkoaxy's Distillery.
  4242 | D        | Noticed an orc high priest
  4242 | D        | Noticed an orc high priest
  4243 | D        | Found a roughly hewn altar of Beogh.
  4244 | D        | Noticed a sun demon
  4244 | D        | Received a gift from Sif Muna
  4245 | D        | Reached skill level 1 in Unarmed Combat
  4245 | D        | Identified Tury's Incunabulum of Shifting Battle Magic (Sif
                  | Muna gifted it to you in the Dungeon)
  4245 | D        | Received a gift from Sif Muna
  4245 | D        | Killed an orc high priest
  4247 | D        | Killed an orc high priest
  4322 | D        | Found a basalt altar of Yredelemnul.
  4322 | D        | Found a shadowy altar of Dithmenos.
  4322 | D        | Found a sacrificial altar of Ru.
  4339 | D        | Found a blossoming altar of Fedhas.
  4339 | D        | Found a stormy altar of Qazlal.
  4339 | D        | Found a snail-covered altar of Cheibriados.
  4339 | D        | Found a burning altar of Makhleb.
  4339 | D        | Found a shimmering altar of Xom.
  4340 | D        | Found a hazy altar of Hepliaklqana.
  4340 | D        | Found an opulent altar of Gozag.
  4340 | D        | Found a sparkling altar of Nemelex Xobeh.
  4340 | D        | Found a corrupted altar of Lugonu.
  4340 | D        | Found a viscous altar of Jiyva.
  4346 | D        | Identified Wirott's Papyrus of the Shifting Escort (Sif
                  | Muna gifted it to you in the Dungeon)
  4346 | D        | Received a gift from Sif Muna
  4506 | D        | Noticed a skeletal warrior
  4527 | D        | Killed a skeletal warrior
  4811 | D        | Killed an obsidian statue
  4811 | D        | Reached skill level 5 in Unarmed Combat
  4827 | D        | Found Teamyxao's Magic Scroll Emporium.
  4827 | D        | Found Jovviah's Assorted Antiques.
  4827 | D        | Found Ilov's Gadget Boutique.
  4827 | D        | Found Verchi's Assorted Antiques.
  4827 | D        | Found Pinalol's Antique Weapon Emporium.
  4827 | D        | Found Oheruthru's Jewellery Shoppe.
  4827 | D        | Found Zafa's Distillery.
  4827 | D        | Found Hounlusm's Armour Shop.
  4827 | D        | Found Jocen's Distillery.
  4827 | D        | Found Haygh's Book Emporium.
  4827 | D        | Found Ohaaxute's Antique Armour Boutique.
  4869 | D        | Noticed a crystal guardian
  4869 | D        | Noticed a crystal guardian
  4869 | D        | Noticed a crystal guardian
  4869 | D        | Noticed a crystal guardian
  5156 | D        | Reached skill level 10 in Transmutations
  5223 | D        | Identified Waraun's Volume of Destructive Dislocation (Sif
                  | Muna gifted it to you in the Dungeon)
  5223 | D        | Received a gift from Sif Muna
  5469 | D        | Noticed a lindwurm
  5474 | D        | Killed a lindwurm
  5474 | D        | Gained mutation: Your thick and shaggy fur keeps you warm.
                  | (AC +3, rC+) [Felid growth]
  5474 | D        | Reached XP level 12. HP: 14/61 MP: 20/31
  5722 | D        | Noticed Urug
  5723 | D        | Received a gift from Sif Muna
  5737 | D        | Killed Urug
  5811 | D        | Noticed an eight-headed hydra
  5811 | D        | Noticed an eight-headed hydra
  5821 | D        | Killed an eight-headed hydra
  5826 | D        | Killed an eight-headed hydra
  5826 | D        | Reached skill level 10 in Earth Magic
  5989 | D        | Found a blossoming altar of Fedhas.
  5999 | D        | Received a gift from Sif Muna
  6010 | D        | Learned a level 5 spell: Irradiate
  6031 | D        | Noticed Polyphemus
  6047 | D        | Killed Polyphemus
  6047 | D        | Reached skill level 10 in Unarmed Combat
  6094 | D        | Killed Nessos
  6117 | D        | Noticed Ilsuiw
  6132 | D        | Found Ziqag's Antique Armour Emporium.
  6132 | D        | Found Ycoics's Distillery.
  6143 | D        | Killed Ilsuiw
  6143 | D        | Noticed a merfolk javelineer
  6164 | D        | Killed a merfolk javelineer
  6164 | D        | Identified Sif Muna's Tome of Enthralling Clay (Sif Muna
                  | gifted it to you in the Dungeon)
  6164 | D        | Received a gift from Sif Muna
  6341 | D        | Learned a level 9 spell: Shatter
  6352 | D        | Found Miqaaz's Jewellery Shoppe.
  6392 | D        | Got a barnacled rune of Zot
  6585 | D        | Noticed Rupert
  6596 | D        | Killed Rupert
  6613 | D        | Noticed an azure jelly
  6613 | D        | Noticed an azure jelly
  6613 | D        | Noticed an azure jelly
  6613 | D        | Noticed an azure jelly
  6720 | D        | Noticed a death yak
  6721 | D        | Noticed a death yak
  6723 | D        | Noticed a death yak
  6724 | D        | Noticed a death yak
  6727 | D        | Killed a death yak
  6727 | D        | Reached XP level 13. HP: 64/64 MP: 27/32
  6745 | D        | Identified Sif Muna's Tome of the Entourage (Sif Muna
                  | gifted it to you in the Dungeon)
  6745 | D        | Received a gift from Sif Muna
  6750 | D        | Reached skill level 15 in Transmutations
  7061 | D        | Found Lyefaegyp's Gadget Shoppe.
  7061 | D        | Found Joarian's Antique Weapon Boutique.
  7061 | D        | Found Noizxo Arul's Magic Scroll Emporium.
  7071 | D        | Identified Sif Muna's Papyrus of Lethal Envenoming (Sif
                  | Muna gifted it to you in the Dungeon)
  7071 | D        | Received a gift from Sif Muna
  7159 | D        | Bought a phantom mirror for 420 gold pieces
  7170 | D        | Noticed the 27-headed Lernaean hydra
  7172 | D        | Killed the 27-headed Lernaean hydra
  7174 | D        | Reached skill level 15 in Spellcasting
  7179 | D        | Got a decaying rune of Zot
  7362 | D        | Noticed a deep elf demonologist
  7385 | D        | Identified Sif Muna's Grimoire of the Enthralling
                  | Snowflakes (Sif Muna gifted it to you in the Dungeon)
  7385 | D        | Received a gift from Sif Muna
  7677 | D        | Got a brightly glowing iron ring
  7678 | D        | Identified the ring of Arphaica {MR+ Str+4} (You found it
                  | in the Dungeon)
  7683 | D        | Noticed a fire dragon
  7692 | D        | Killed a fire dragon
  7692 | D        | Identified Sif Muna's Grimoire of Twisted Confrontation
                  | (Sif Muna gifted it to you in the Dungeon)
  7692 | D        | Received a gift from Sif Muna
  7692 | D        | Reached skill level 16 in Dodging
  8040 | D        | Identified Sif Muna's Catalogue of Combat Magic and
                  | Execration (Sif Muna gifted it to you in the Dungeon)
  8040 | D        | Received a gift from Sif Muna
  8164 | D        | Noticed Chuck
  8466 | D        | Identified Sif Muna's Disquisition on Dusty Conjuration
                  | (Sif Muna gifted it to you in the Dungeon)
  8466 | D        | Received a gift from Sif Muna
  8751 | D        | Reached skill level 15 in Earth Magic
  8824 | D        | Noticed a dire elephant
  8824 | D        | Noticed a dire elephant
  8824 | D        | Noticed Gastronok
  8836 | D        | Killed a dire elephant
  8846 | D        | Killed a dire elephant
  8846 | D        | Reached XP level 14. HP: 8/70 MP: 35/35
  8872 | D        | Killed Gastronok
  8872 | D        | Reached skill level 17 in Dodging
  9171 | D        | Learned a level 7 spell: Dragon Form
  9287 | D        | Identified Sif Muna's Incunabulum of Vitriolic Evil Magic
                  | (Sif Muna gifted it to you in the Dungeon)
  9287 | D        | Received a gift from Sif Muna
  9366 | D        | Killed Chuck
  9627 | D        | Noticed Frederick
  9635 | D        | Killed from afar by a spellforged servitor
  9636 | D        | Reached XP level 13. HP: -1/87 MP: 21/34
  9671 | D        | Noticed an Executioner
  9676 | D        | Killed an Executioner
 10004 | D        | Noticed a deep elf blademaster
 10010 | D        | Killed a deep elf blademaster
 10010 | D        | Identified Sif Muna's Disquisition on the Mountains and
                  | Lightness (Sif Muna gifted it to you in the Dungeon)
 10010 | D        | Received a gift from Sif Muna
 10114 | D        | Noticed Mara
 10115 | D        | Noticed a vampire knight
 10330 | D        | Learned a level 5 spell: Lee's Rapid Deconstruction
 10748 | D        | Noticed a vampire knight
 10753 | D        | Noticed sahdkjhfkaj's illusion
 10764 | D        | Mangled by a vampire knight
 10765 | D        | Reached XP level 12. HP: -12/96 MP: 11/34
 10772 | D        | Noticed Boris
 10772 | D        | Noticed a storm dragon
 10780 | D        | Killed a vampire knight
 10780 | D        | Reached skill level 18 in Dodging
 10780 | D        | Reached skill level 15 in Unarmed Combat
 10790 | D        | Noticed Nikola
 10795 | D        | Received a gift from Sif Muna
 10802 | D        | Killed Boris
 10802 | D        | Reached skill level 5 in Invocations
 10808 | D        | Slain by a slime creature

Illustrated notes

Levels and vault maps discovered:
D:        dungeon_sprint_mu [sprint_mu_entry_cave, sprint_mu_temple_rooms,
          sprint_mu_d1_horrors, sprint_mu_d2_genie, sprint_mu_d3_branching,
          sprint_mu_orc_legion, sprint_mu_elf_gauntlet, sprint_mu_hive_nellie,
          sprint_mu_lair_fedhas, sprint_mu_vaults_butterflies,
          sprint_mu_slime_circle, sprint_mu_swamp_cave, sprint_mu_shoals_archi,
          sprint_mu_blade_basic, sprint_mu_crypt_chambers,
          sprint_mu_tomb_spiral, sprint_mu_vestibule_basic,
          sprint_mu_gehenna_hellfire, sprint_mu_dis_giant,
          sprint_mu_tartarus_statrot, sprint_mu_cocytus_islands, sprint_mu_zot1]

Skill      XL: |  1  2  3  4  5  6  7  8  9 10 11 12 13 14 |
---------------+-------------------------------------------+-----
Fighting       | 2 3 6 7 8 9 11 12 14 | 14.7
Dodging        | 4 5 9 6 11 12 14 15 18 16 17 | 18.4
Poison Magic   | 4 5 7 6 8 9 11 | 11.9
Spellcasting   | 3 8 4 10 11 14 17 | 17.5
Invocations    | 2 5 4 |  5.8
Transmutations | 11 14 15 | 15.7
Earth Magic    | 9 12 16 | 16.4
Unarmed Combat | 7 15 14 | 15.3
Stealth        | |  2.6

Action                   |  1- 3 |  4- 6 |  7- 9 | 10-12 | 13-15 || total
-------------------------+-------+-------+-------+-------+-------++-------
Melee: Unarmed           |     3 |       |     4 |   284 |   252 ||   543
       Bite              |       |       |       |    22 |    34 ||    56
       Punch             |       |       |       |    10 |    14 ||    24
 Cast: Sting             |    16 |     1 |    27 |    16 |       ||    60
       Poisonous Vapours |       |     4 |     1 |       |       ||     5
       Ignite Poison     |       |     4 |    11 |    27 |     1 ||    43
       Olgreb's Toxic Ra |       |     2 |     6 |    14 |     1 ||    23
       Statue Form       |       |       |       |    20 |    22 ||    42
       Frozen Ramparts   |       |       |       |     1 |     1 ||     2
       Irradiate         |       |       |       |    12 |    17 ||    29
       Tornado           |       |       |       |     1 |       ||     1
       Lee's Rapid Decon |       |       |       |       |    10 ||    10
       Dragon Form       |       |       |       |       |     3 ||     3
       Ozocubu's Armour  |       |       |       |       |     1 ||     1
       Blink             |       |       |       |       |     1 ||     1
Invok: Divine Exegesis   |       |       |       |     1 |       ||     1
       Forget Spell      |       |       |       |       |     1 ||     1
Evoke: Phantom mirror    |       |       |       |     1 |     1 ||     2
       Lightning rod     |       |       |       |       |     4 ||     4
  Use: Potion            |       |       |     1 |     2 |       ||     3
       Scroll            |       |       |       |     6 |     1 ||     7
 Stab: Sleeping          |       |       |       |     3 |     3 ||     6
       Distracted        |       |       |       |     1 |       ||     1
Armor: Skin              |       |       |     1 |    88 |    82 ||   171
Dodge: Dodged            |     6 |     6 |    50 |   463 |   424 ||   949

Table legend: (Time is in decaauts) A = Elapsed time spent in this place. B = Non-inter-level travel time spent in this place. C = Inter-level travel time spent in this place. D = Time resting spent in this place. E = Time spent auto-exploring this place. F = Levels seen in this place. G = Mean time per level. A B C D E F G +--------+--------+--------+--------+--------+-----+--------+ Total | 11539 | 11153 | 386 | 8162 | 141 | 1 | 11539.0 | Dungeon | 11539 | 11153 | 386 | 8162 | 141 | 1 | 11539.0 | +--------+--------+--------+--------+--------+-----+--------+

Top non-repeatable levels by time:
       D: 11539 daAuts
